 Dungeon Crawl Stone Soup version 0.29-a0-1027-gcd8c55af63 (webtiles) character file.

Game seed: 4182925466608164537

455 Locuples the Chopper (level 6, -1/53 HPs)
             Began as a Minotaur Fighter on Aug 12, 2022.
             Was a Follower of Kikubaaqudgha.
             Splashed by a jelly's acid (5 damage)
             ... on level 4 of the Dungeon.
             The game lasted 00:05:19 (2829 turns).

Locuples the Chopper (Minotaur Fighter)             Turns: 2829, Time: 00:05:20

Health: -1/53      AC: -2    Str: 23    XL:     6   Next: 76%
Magic:  5/5        EV:  7    Int:  5    God:    Kikubaaqudgha [*.....]
Gold:   211        SH:  4    Dex:  9    Spells: 5/5 levels left

rFire   . . .      SeeInvis .   a - +0 war axe
rCold   . . .      Faith    .   c - +0 buckler
rNeg    . . .      Spirit   .   h - +0 chain mail
rPois   .          Reflect  .   (helmet restricted)
rElec   .          Harm     .   (no cloak)
rCorr   .          Rampage  .   (no gloves)
Will    .....                   (no boots)
Stlth   ..........              (no amulet)
HPRegen 0.17/turn               (no ring)
MPRegen 0.09/turn               (no ring)

@: corroded
A: horns 2, retaliatory headbutt
a: Renounce Religion, Unearth Wretches


You were on level 4 of the Dungeon.
You worshipped Kikubaaqudgha.
Kikubaaqudgha was aware of your devotion.
You visited 1 branch of the dungeon, and saw 4 of its levels.

You collected 211 gold pieces.

Inventory:

Hand Weapons
 a - a +0 war axe (weapon)
Armour
 c - a +0 buckler (worn)
 h - a +0 chain mail (worn)
Scrolls
 b - a scroll of poison {unknown}
 d - a scroll of enchant armour {unknown}
 f - 3 scrolls of fear {unknown}
 j - 5 scrolls of identify {unknown}
 k - 2 scrolls of noise {unknown}
 n - a scroll of blinking {unknown}
 p - 2 scrolls of teleportation {unknown}
 q - a scroll of butterflies {unknown}
 t - a scroll of amnesia {unknown}
Potions
 e - a potion of resistance {unknown}
 g - a potion of haste {unknown}
 l - 2 potions of attraction {unknown}
 m - a potion of invisibility {unknown}
 o - a potion of mutation {unknown}
 r - a potion of lignification {unknown}
 s - a potion of degeneration {unknown}


   Skills:
 + Level 4.6 Fighting
 * Level 6.7 Axes
 + Level 5.4 Armour
 + Level 4.5 Shields


You had 5 spell levels left.
You didn't know any spells.
Your spell library contained the following spells:

 Spells                   Type           Power      Damage    Failure   Level
 Freeze                   Ice            0%         1d3       99%         1
 Necrotise                Necr           0%         1d4       99%         1
 Sublimation of Blood     Necr           0%         N/A       100%        2
 Frozen Ramparts          Ice            0%         1d1       100%        3
 Vampiric Draining        Necr           0%         2d6       100%        3
 Animate Dead             Necr           0%         N/A       100%        4
 Hailstorm                Conj/Ice       0%         3d3       100%        4


Dungeon Overview and Level Annotations

Branches:
Dungeon (4/15)
 Temple: D:4-7

Altars:
Kikubaaqudgha


Innate Abilities, Weirdness & Mutations

You have a pair of horns on your head.
You reflexively headbutt those who attack you in melee.


Message History

The black bear bites you but does no damage.
The black bear barely misses you. The black bear claws you.
* * * LOW HITPOINT WARNING * * *
You slash the black bear!
The black bear is heavily wounded.
The black bear barely misses you. You furiously retaliate!
You headbutt the black bear! The black bear closely misses you.
The black bear claws you but does no damage.
You slash the black bear!
You kill the black bear!
Kikubaaqudgha accepts your kill.
You start resting.
A hobgoblin comes into view.
There is a stone staircase leading up, spattered with blood here.
You see here a +0 club.
You hit the hobgoblin.
The hobgoblin is almost dead.
You block the hobgoblin's attack.
You barely miss the hobgoblin. You headbutt the hobgoblin.
You kill the hobgoblin!
Kikubaaqudgha accepts your kill.
There is a stone staircase leading up, spattered with blood here.
You see here a +0 club.
A jelly comes into view.
Things that are here:
a +0 dagger of venom; 4 stones A jelly is nearby!
A jelly is nearby!
The jelly hits you but does no damage.
You slash the jelly! The acid corrodes you!
Your hands burn!
* * * LOW HITPOINT WARNING * * *
The jelly is heavily wounded.
The jelly hits you but does no damage.
You hit the jelly. The acid corrodes you!
Your hands burn!
* * * LOW HITPOINT WARNING * * *
The jelly is severely wounded.
You block the jelly's attack.
You hit the jelly but do no damage. The acid corrodes you!
Your hands burn!
You die...
Kikubaaqudgha rasps: "You have failed me!
Welcome... death!"

#.. #.# #.##
#..##
##...#####. .
#..........
....####.......#
......J@.....#.#
###..#####)....#
# #. #.##..#.##.
#.<#.......
#.###.......(#
#....<###....#
####....# .....
#......#....
#:...#.# .#.


You could see a jelly.

Vanquished Creatures
  A black bear (D:4)
  A centaur (D:3)
  A scorpion (D:4)
  The ghost of alby the Cudgeller, a weakling GnBe of Trog (D:3)
  A hound (D:4)
  Robin (D:2)
  3 gnolls (D:2)
  6 adders
  A dart slug (D:2)
  2 orcs (D:3)
  2 ball pythons
  7 endoplasms
  2 giant cockroaches
  12 goblins
  5 hobgoblins
  2 jackals (D:2)
  6 kobolds
  4 quokkas
  A bat (D:3)
  3 frilled lizards
  3 rats (D:2)
65 creatures vanquished.

Vanquished Creatures (others)
  A gnoll (D:2)
  A ball python (D:2)
  A giant cockroach (D:2)
  A hobgoblin (D:2)
  A rat (D:2)
5 creatures vanquished.

Grand Total: 70 creatures vanquished

Notes
Turn   | Place    | Note
-------+----------+-------------------------------------------
     0 | D:1      | Locuples the Minotaur Fighter began the quest for the Orb.
     0 | D:1      | Reached XP level 1. HP: 19/19 MP: 0/0
   538 | D:1      | Reached XP level 2. HP: 27/27 MP: 1/1
   638 | D:1      | Found an ancient bone altar of Kikubaaqudgha.
   748 | D:2      | Reached skill level 3 in Axes
   861 | D:2      | Found a faded altar of an unknown god.
   874 | D:2      | Prayed at the altar of an unknown god.
   874 | D:2      | Became a worshipper of Kikubaaqudgha
   874 | D:2      | Reached * piety under Kikubaaqudgha
   874 | D:2      | Received a gift from Kikubaaqudgha
   892 | D:2      | Noticed Robin
   896 | D:2      | Reached XP level 3. HP: 33/33 MP: 2/2
   902 | D:2      | Killed Robin
   978 | D:2      | Reached XP level 4. HP: 33/40 MP: 3/3
  1216 | D:2      | Reached skill level 4 in Axes
  1787 | D:3      | Found a runed translucent door.
  1787 | D:3      | Noticed alby's ghost (weakling GnBe)
  1812 | D:3      | Noticed a centaur
  1825 | D:3      | Killed a centaur
  1826 | D:3      | Reached skill level 5 in Axes
  1826 | D:3      | Reached XP level 5. HP: 8/47 MP: 4/4
  2616 | D:3      | Killed alby's ghost
  2617 | D:3      | Reached skill level 5 in Armour
  2617 | D:3      | Reached XP level 6. HP: 30/53 MP: 5/5
  2775 | D:4      | Reached skill level 6 in Axes
  2829 | D:4      | Splashed by a jelly's acid

Illustrated notes

Levels and vault maps discovered:
D:1:      dpeg_arrival_lava_altar, layout_basic
D:2:      layout_loops_ring, ebering_ecumenical_altar_ruins, uniq_robin
D:3:      layout_basic, hellmonk_ghost_happy_afterlife,
          minmay_misc_feat_four_crosses
D:4:      layout_rooms, minmay_temple_entry_offerings, guppyfry_early_lair_pool

Skill      XL: |  1  2  3  4  5  6 |
---------------+-------------------+-----
Axes           | 3 5 6 |  6.7
Armour         | 4 5 |  5.4
Fighting       | 4 |  4.6
Shields        | 4 |  4.5

Action                   |  1- 3 |  4- 6 || total
-------------------------+-------+-------++-------
Melee: War axe           |    46 |    98 ||   144
       Headbutt          |     8 |    16 ||    24
Invok: Unearth Wretches  |       |     4 ||     4
  Use: Potion            |       |     3 ||     3
 Stab: Paralysed         |       |     4 ||     4
Armor: Chain mail        |    27 |    83 ||   110
       Scale mail        |     1 |       ||     1
Dodge: Dodged            |    27 |    39 ||    66
Block: Buckler           |     7 |    24 ||    31

Table legend: (Time is in decaauts)
 A = Elapsed time spent in this place.
 B = Non-inter-level travel time spent in this place.
 C = Inter-level travel time spent in this place.
 D = Time resting spent in this place.
 E = Time spent auto-exploring this place.
 F = Levels seen in this place.
 G = Mean time per level.
                   A        B        C        D        E       F      G
               +--------+--------+--------+--------+--------+-----+--------+
         Total |   2875 |   2860 |     15 |     57 |   2228 |   4 |  718.8 |
       Dungeon |   2875 |   2860 |     15 |     57 |   2228 |   4 |  718.8 |
               +--------+--------+--------+--------+--------+-----+--------+

Top non-repeatable levels by time:
     D:3: 1183 daAuts
     D:2: 932 daAuts
     D:1: 690 daAuts
     D:4: 69 daAuts
